[Event "*** Titled Tuesday Blitz"]
[Site "Chess.com"]
[Date "2019.04.02"]
[Round "9"]
[White "MrChessSponge"]
[Black "Firouzja2003"]
[Result "1/2-1/2"]
[WhiteElo "2295"]
[BlackElo "3049"]
[TimeControl "180+2"]
[EndTime "16:03:35 PDT"]
[Termination "Game drawn by agreement"]

1. d4 f5 2. g3 Nf6 3. Bg2 g6 4. Nd2 Bg7 5. c3 O-O 6. Qb3+ Kh8 7. Bxb7 Bxb7 8. Qxb7 Nc6 9. Ngf3 a6 10. Nc4 Nd5 11.
O-O Nb6 12. Nfe5 Rf6 13. Nxb6 cxb6 14. Qxd7 Nxe5 15. Qxd8+ Rxd8 16. dxe5 Rc6 17. Be3 Bxe5 18. Rad1 Rxd1 19. Rxd1 Kg8 20. Rd7 Bd6 21. Ra7 a5 22.
Rb7 Bc7 23. f4 Kf7 24. Bd4 Ke6 25. Kf2 Kd5 26. Kf3 a4 27. Ra7 b5 28. Rb7 Kc4 29.
e4 e6 30. Ke3 h6 31. h3 g5 32. exf5 exf5 33. b3+ axb3 34. axb3+ Kxb3 35. Rxb5+ Kc4 36. Rxf5 gxf4+ 37. gxf4 Re6+ 1/2-1/2

[Event "*** Titled Tuesday Blitz"]
[Site "Chess.com"]
[Date "2019.04.02"]
[Round "9"]
[White "ace_mar"]
[Black "HanSchut"]
[Result "0-1"]
[WhiteElo "2271"]
[BlackElo "2179"]
[TimeControl "180+2"]
[EndTime "16:03:36 PDT"]
[Termination "HanSchut won by resignation"]

1. d4 Nf6 2. c4 g6 3. g3 Bg7 4. Bg2 d5 5. Nc3 c6 6. cxd5 cxd5 7. Nf3 O-O 8. O-O Ne4 9. Bf4 Nc6 10. Rc1 Bf5 11. Ne5 Nxe5 12. Bxe5 Nxc3 13. Rxc3 f6 14. Bc7 Qd7 15. Qb3 Be6 16. Qxb7 Rfc8 17. Rfc1 Kf7 18. Qa6 Bh3 19. Bxh3 Qxh3 20. Qc6 Qf5 21. Rc4 dxc4 22. Qxc4+ Kf8 23. Qa6 Qd7 24. Qa5 a6 25. Qb6 Rab8 26. Qxb8 Rxb8 27. Bxb8 Qxd4 28. Bf4 Qxb2 29. Rc8+ Kf7 30.
Rc7 Qxa2 31. e3 Qb1+ 32. Kg2 Qe4+ 33. Kg1 Qd5 34. Ra7 g5 35. Bc7 Qc6 36. Ba5 Bf8 37. h3 Kg6 38. Bb4 Qb6 0-1

[Event "*** Titled Tuesday Blitz"]
[Site "Chess.com"]
[Date "2019.04.02"]
[Round "9"]
[White "Quiet_Desperation"]
[Black "Oleg_Papayan"]
[Result "0-1"]
[WhiteElo "2420"]
[BlackElo "2520"]
[TimeControl "180+2"]
[EndTime "16:03:41 PDT"]
[Termination "Oleg_Papayan won by resignation"]

1. e4 c6 2. Nf3 d5 3. Nc3 Bg4 4. h3 Bxf3 5. Qxf3 e6 6. b3 Nd7 7. Bb2 Ngf6 8. O-O-O Qa5 9. Kb1 Ba3 10. exd5 cxd5 11.
g4 Bxb2 12. Kxb2 h6 13. h4 Ne5 14. Bb5+ Qxb5 15. Qxf6 Qxb3+ 16. axb3 gxf6 17. Rhg1 Rg8 18. Rde1 Nf3 19. Nxd5 Kf8 20. Nxf6 Rg6 21. Nd7+ Kg7 22. Ne5 Nxe1 23. Nxg6 Nf3 24. Rg3 Nxd2 25. Ne5 Rd8 26. g5 Ne4 27. gxh6+ Kf6 28. Re3 Kxe5 29. f3 f5 30. fxe4 fxe4 31. Kc3 Kf4 32. Rh3 e3 33. h7 e2 34. Rh1 Ke3 35. Rh3+ Kf2 36. Rh2+ Kf3 37.
Rh3+ Kg2 38. Re3 Kf2 39. Rxe6 e1=Q+ 40. Rxe1 Kxe1 0-1

[Event "*** Titled Tuesday Blitz"]
[Site "Chess.com"]
[Date "2019.04.02"]
[Round "9"]
[White "KRASAVCHIK2002"]
[Black "sere99"]
[Result "0-1"]
[WhiteElo "2388"]
[BlackElo "2313"]
[TimeControl "180+2"]
[EndTime "16:03:42 PDT"]
[Termination "sere99 won by resignation"]

1. e4 c6 2. d4 d5 3. e5 Bf5 4. Nf3 e6 5. Be2 Ne7 6. O-O Nd7 7. Nbd2 h6 8. a4 c5 9. dxc5 Nc6 10. Nb3 Bg4 11. Bf4 Bxc5 12. Nxc5 Nxc5 13. h3 Bxf3 14. Bxf3 O-O 15. Re1 Qb6 16. b3 Rac8 17. Qd2 Qb4 18.
Bxh6 gxh6 19. Qxh6 Ne7 20. Bh5 Nf5 21. Qg5+ Kh7 22.
Bf3 Rg8 23. Qf6 Nh6 24. c4 Rg6 25. Qh4 Nxb3 26. Rab1 Rxc4 27. Qe7 Qxe7 0-1

[Event "*** Titled Tuesday Blitz"]
[Site "Chess.com"]
[Date "2019.04.02"]
[Round "9"]
[White "SavelijTartakover"]
[Black "Sajkochess"]
[Result "1-0"]
[WhiteElo "2621"]
[BlackElo "2338"]
[TimeControl "180+2"]
[EndTime "16:03:46 PDT"]
[Termination "SavelijTartakover won by resignation"]

1. d4 Nf6 2. Bg5 e6 3. e4 h6 4. Bxf6 Qxf6 5. c3 d6 6. Bc4 a6 7.
Ne2 b5 8. Bd3 Bb7 9. O-O g6 10.
a4 bxa4 11. Qxa4+ Nd7 12. Nd2 Bg7 13. Nc4 Qd8 14. Na5 Ra7 15. Nxb7 Rxb7 16. b4 O-O 17.
Qxa6 Rb6 18. Qa7 c5 19. b5 d5 20. exd5 exd5 21. Ra6 c4 22. Rxb6 cxd3 23. Rd6 dxe2 24. Re1 Qc8 25. Rxd7 Qxc3 26. Qa1 Qxa1 27. Rxa1 Bxd4 28.
Re1 Re8 29. Rc7 Bb6 30. Rc2 d4 31. Rcxe2 Rxe2 32. Rxe2 Kg7 33. Kf1 Kf6 34. Rc2 d3 35.
Rc6+ Ke5 1-0

[Event "*** Titled Tuesday Blitz"]
[Site "Chess.com"]
[Date "2019.04.02"]
[Round "9"]
[White "SF-96"]
[Black "DiogenesSinopeus"]
[Result "0-1"]
[WhiteElo "2541"]
[BlackElo "2454"]
[TimeControl "180+2"]
[EndTime "16:03:52 PDT"]
[Termination "DiogenesSinopeus won by resignation"]

1. e4 e5 2. Nf3 Nc6 3. Bb5 a6 4.
Ba4 d6 5. d4 b5 6. Bb3 Nxd4 7.
Nxd4 exd4 8. Bd5 Rb8 9. Qxd4 Bd7 10. a3 Nf6 11. Bg5 Be7 12. Ba2 O-O 13. O-O Bc6 14.
Nc3 h6 15. Bh4 Re8 16. Rad1 Nxe4 17. Bxe7 Rxe7 18. Nd5 Bxd5 19. Qxd5 Nf6 20. Qf3 Re5 21. Rfe1 Qe7 22. Rxe5 Qxe5 23. Qc6 Re8 24. h3 Qxb2 25. Bb3 Re7 26. Qa8+ Kh7 27. Qf8 Qe5 28. Bxf7 a5 29. h4 h5 30. g3 c5 31. Ba2 c4 32. c3 d5 33. Bb1+ Ne4 34. Rxd5 Qxd5 35. Qxe7 Qd1+ 36.
Kg2 Qxb1 37. Qe5 Nf6 0-1

[Event "*** Titled Tuesday Blitz"]
[Site "Chess.com"]
[Date "2019.04.02"]
[Round "9"]
[White "medalja"]
[Black "pedro_gines"]
[Result "1-0"]
[WhiteElo "2315"]
[BlackElo "2429"]
[TimeControl "180+2"]
[EndTime "16:03:52 PDT"]
[Termination "medalja won by checkmate"]

1. d4 d6 2. Nf3 Nf6 3. c4 g6 4. Nc3 Bg7 5. g3 O-O 6. Bg2 Nc6 7. O-O e5 8. dxe5 dxe5 9. Bg5 Be6 10. Nd2 Qe8 11. Bxf6 Bxf6 12. Nd5 Bd8 13. Ne4 f6 14. Nc5 Bc8 15. e3 Nb8 16. Qb3 c6 17. Nxb7 cxd5 18. Nxd8 e4 19. Nb7 Qc6 20. Na5 Qb6 21. cxd5 f5 22. d6+ Rf7 23. Rac1 Ba6 24. Qd5 Bxf1 25. Bxf1 Kg7 26. Qxa8 Qxa5 27. Qxb8 Qd2 28. Rc7 f4 29.
Rxf7+ Kxf7 30. Qc7+ Kf6 31. Qe7+ Kf5 32. exf4 Kg4 33.
Qxe4 Qxd6 34. Be2+ Kh3 35. Qg2# 1-0

[Event "*** Titled Tuesday Blitz"]
[Site "Chess.com"]
[Date "2019.04.02"]
[Round "9"]
[White "sergeikim"]
[Black "bugsbunny444"]
[Result "0-1"]
[WhiteElo "2558"]
[BlackElo "2506"]
[TimeControl "180+2"]
[EndTime "16:03:54 PDT"]
[Termination "bugsbunny444 won by resignation"]

1. d4 e6 2. c4 b6 3. a3 Bb7 4.
Nc3 f5 5. Nf3 Nf6 6. g3 Ne4 7.
Bd2 Be7 8. Bg2 O-O 9. O-O Bf6 10. e3 Nxd2 11. Nxd2 Bxg2 12. Kxg2 Nc6 13. Qe2 Qc8 14. Rac1 Qb7 15. Qf3 g5 16. Kg1 g4 17. Qe2 h5 18.
b4 h4 19. b5 Ne7 20. f3 gxf3 21. Qxf3 Qxf3 22. Nxf3 hxg3 23. hxg3 Kf7 24. Kg2 Rg8 25. Rh1 Rg7 26. Rh3 a6 27. Rch1 axb5 28. Nxb5 Ra4 29. Rc1 Nc8 30. Nxc7 Rxa3 31. Re1 Nd6 32. Nb5 Ra2+ 33.
Kf1 Nxc4 34. Rh2 Rxh2 35. Nxh2 Rxg3 36. Kf2 Bh4 37. Kf1 Nxe3+ 0-1

[Event "*** Titled Tuesday Blitz"]
[Site "Chess.com"]
[Date "2019.04.02"]
[Round "9"]
[White "Grischuk"]
[Black "Gordima"]
[Result "1-0"]
[WhiteElo "3050"]
[BlackElo "2752"]
[TimeControl "180+2"]
[EndTime "16:04:00 PDT"]
[Termination "Grischuk won by resignation"]

1. e4 c5 2. Nf3 Nc6 3. Bb5 g6 4. Bxc6 bxc6 5. O-O Bg7 6. Re1 Nh6 7. h3 O-O 8. c3 c4 9. b3 cxb3 10. axb3 d5 11. e5 c5 12. d4 cxd4 13. cxd4 f6 14. Nc3 fxe5 15. Nxe5 Nf5 16. Ba3 Bb7 17. Bc5 a6 18. b4 Qc7 19. Qd3 Nd6 20. Ra2 Rf5 21. Rae2 Raf8 22. f3 Rg5 23. h4 Rg3 24. Rf2 Nf5 25. Ne2 Bxe5 26. dxe5 Qxe5 27. Qd2 Nxh4 28. Nxg3 Qxg3 29. Rxe7 Rf7 30. Re8+ Kg7 31. Bd4+ Rf6 32. Re7+ 1-0

[Event "*** Titled Tuesday Blitz"]
[Site "Chess.com"]
[Date "2019.04.02"]
[Round "9"]
[White "norwaytoadog"]
[Black "Koksal06"]
[Result "0-1"]
[WhiteElo "2241"]
[BlackElo "2391"]
[TimeControl "180+2"]
[EndTime "16:04:03 PDT"]
[Termination "Koksal06 won on time"]

1. e4 e6 2. d4 d5 3. e5 c5 4.
c3 Nc6 5. Nf3 Nge7 6. a3 cxd4 7.
cxd4 Nf5 8. Be3 Qb6 9. b4 Bd7 10.
Nc3 Rc8 11. Na4 Qd8 12. Nc5 Bxc5 13. bxc5 Nxe3 14. fxe3 b6 15. Rc1 O-O 16. Bd3 Na5 17.
O-O bxc5 18. dxc5 Nc6 19. Nd4 Qg5 20. Nf3 Qxe3+ 21. Kh1 Nxe5 22. Bxh7+ Kxh7 23. Re1 Ng4 24. Rxe3 Nf2+ 25. Kg1 Nxd1 26. Rxd1 Rxc5 27. Ne5 Bc8 28. Rh3+ Kg8 29. Rd4 Rc1+ 30. Kf2 Rc2+ 31. Ke1 f6 32. Ng6 Re8 33. Rdh4 Kf7 34. Nf4 e5 35. Nxd5 Bxh3 36.
Rxh3 Rxg2 37. Rc3 Rb8 38. Kf1 Rd2 39. Nb4 a5 40. Rc7+ Kg6 41. Ke1 Rxh2 0-1

[Event "*** Titled Tuesday Blitz"]
[Site "Chess.com"]
[Date "2019.04.02"]
[Round "9"]
[White "nutibara"]
[Black "Kawhi_Leonard2"]
[Result "0-1"]
[WhiteElo "2382"]
[BlackElo "2213"]
[TimeControl "180+2"]
[EndTime "16:04:03 PDT"]
[Termination "Kawhi_Leonard2 won on time"]

1. e4 c5 2. Nf3 d6 3. d4 cxd4 4. Nxd4 Nf6 5. Nc3 g6 6. Be3 Bg7 7. f3 O-O 8. Qd2 Nc6 9. O-O-O d5 10. exd5 Nxd5 11. Nxc6 bxc6 12. Nxd5 cxd5 13. Qxd5 Qc7 14. Qc5 Qb7 15. b3 Bf5 16. Bd3 Rfc8 17. Qa5 Rc3 18.
Bxf5 Rxe3 19. Be4 Rxe4 20. fxe4 Qxe4 21. Qd5 Qf4+ 22. Kb1 Rb8 23. Rhf1 Qxh2 24. Qxf7+ Kh8 25. Qxe7 h5 26. Rd7 Rg8 27. Qe4 Qg3 28. Rd3 Qg5 29. a4 a5 30. Ka2 Qc5 31. Rg3 Rc8 32. c3 Rc6 33. c4 Rd6 34. Rc1 Rd2+ 35. Rc2 Rxc2+ 36. Qxc2 Qe5 37. Qb1 Qxg3 38. Qc2 Qe5 0-1

[Event "*** Titled Tuesday Blitz"]
[Site "Chess.com"]
[Date "2019.04.02"]
[Round "9"]
[White "maestroza"]
[Black "Gabix_94"]
[Result "0-1"]
[WhiteElo "2480"]
[BlackElo "2588"]
[TimeControl "180+2"]
[EndTime "16:04:04 PDT"]
[Termination "Gabix_94 won on time"]

1. e4 c5 2. Nf3 e6 3. g3 Nc6 4. Bg2 Nf6 5. Qe2 d6 6. O-O Be7 7. c3 O-O 8. d4 cxd4 9. cxd4 d5 10. e5 Ne4 11. Nbd2 Nxd2 12. Bxd2 Qb6 13. Be3 Bd7 14. h4 Rac8 15. Rfc1 Nb4 16. Ne1 Rxc1 17. Bxc1 Rc8 18. Be3 Nc6 19. h5 h6 20. Qg4 Kh8 21. Bf1 Qxb2 22.
Rd1 f5 23. exf6 Bxf6 24. Bd3 Ne7 25. Nf3 Qxa2 26. Ne5 Bxe5 27. dxe5 Qa4 28. Qf3 b6 29. Rb1 Nf5 30. Bf4 Rc3 31. Qe2 Qc6 32. Rd1 a5 33. Qg4 Qc8 34. Bb1 a4 35. Bd2 Rc4 36. Qf3 b5 37.
Re1 b4 38. Bf4 a3 39. Bxf5 exf5 40. e6 Bxe6 41. Be5 Kh7 42. Qd3 Re4 43. Rd1 Rxe5 0-1

[Event "*** Titled Tuesday Blitz"]
[Site "Chess.com"]
[Date "2019.04.02"]
[Round "9"]
[White "Joseph_Truelson"]
[Black "suyu28"]
[Result "1-0"]
[WhiteElo "2278"]
[BlackElo "2533"]
[TimeControl "180+2"]
[EndTime "16:04:04 PDT"]
[Termination "Joseph_Truelson won by resignation"]

1. d4 Nf6 2. Nc3 d5 3. Bf4 c5 4. e3 Nc6 5. Nb5 e5 6. Bxe5 Nxe5 7. dxe5 Ng4 8. Qxd5 Qxd5 9. Nc7+ Kd8 10. Nxd5 Nxe5 11. O-O-O Bd7 12. Nf3 Ng4 13. Rd2 f6 14. h3 Nh6 15. Nxf6 gxf6 16. Bb5 a6 17. Bxd7 Kc7 18.
Rhd1 Nf7 19. Be6 Nd6 20. Rd5 b6 21. Nd2 Re8 22. Bf5 Re5 23. Rxe5 fxe5 24. Be6 b5 25. Nf3 Bg7 26. Ng5 Re8 27. Bg4 Bh6 28. Ne6+ Kc6 29.
f4 Nc4 30. Nd8+ Kb6 31. Rd7 a5 32. Rb7+ Ka6 33. Rb8 Nb6 34. Bc8+ Nxc8 35. Rxc8 exf4 36. Rc6+ Ka7 37. Rxh6 fxe3 38. Rxh7+ Kb6 39. Rh6+ Kc7 40. Ne6+ Kd6 41. Kd1 Ke5 42. Ke2 Rg8 43. g4 a4 44.
Kxe3 b4 45. Nxc5 Rc8 46. Nd3+ Kd5 47. Nxb4+ Kc4 48. c3 a3 49. bxa3 Rd8 50. Rc6+ Kb5 51.
g5 Ka4 52. g6 Kxa3 53. g7 Kb2 54. Rg6 Rg8 55. Nd5 Kxa2 56. Ne7 Re8 57. g8=Q+ Rxg8 58. Rxg8 Kb3 59. Rc8 Kc2 60. Ke2 Kc1 61. Nd5 Kb1 62.
Kd2 Ka1 63. Rb8 Ka2 64. Ne3 Ka3 65. Nf1 Ka4 1-0

[Event "*** Titled Tuesday Blitz"]
[Site "Chess.com"]
[Date "2019.04.02"]
[Round "9"]
[White "Guenplen"]
[Black "Konavets"]
[Result "0-1"]
[WhiteElo "2905"]
[BlackElo "2836"]
[TimeControl "180+2"]
[EndTime "16:04:08 PDT"]
[Termination "Konavets won by resignation"]

1. Nf3 g6 2. c4 Bg7 3. g3 f5 4.
Bg2 Nf6 5. O-O O-O 6. Nc3 d6 7.
d4 Qe8 8. b3 e5 9. e3 h6 10.
Ba3 e4 11. Nd2 g5 12. c5 d5 13. c6 Nxc6 14. Bxf8 Bxf8 15. f4 a6 16. Qe2 Bd6 17. a3 gxf4 18. gxf4 Kh7 19. h3 Be6 20. Kh2 Nh5 21.
Qf2 Qf7 22. Ne2 Rg8 23. Rg1 Ne7 24. b4 Ng6 25. Bh1 Be7 26. Rg2 Bh4 27. Qg1 Bd7 28. Nc3 Qe6 29. Qf1 Qd6 30. Kg1 Bg3 31. Qe2 Nhxf4 32.
exf4 Nxf4 33. Qd1 Nxh3+ 34. Kf1 Qf4+ 35. Ke2 Qh4 36. Nb3 Nf4+ 37. Kd2 Nxg2 38. Nxd5 Bd6 39. Qf1 Nf4 40. Nxf4 Bxf4+ 41. Kc2 Bb5 42. Qd1 Qf2+ 43. Kb1 Bd3+ 0-1

[Event "*** Titled Tuesday Blitz"]
[Site "Chess.com"]
[Date "2019.04.02"]
[Round "9"]
[White "Kirill_Klukin"]
[Black "olksuna"]
[Result "1-0"]
[WhiteElo "2574"]
[BlackElo "2463"]
[TimeControl "180+2"]
[EndTime "16:04:10 PDT"]
[Termination "Kirill_Klukin won on time"]

1. Nf3 c5 2. c4 Nc6 3. Nc3 g6 4. e3 Bg7 5. d4 cxd4 6. exd4 d6 7. Bg5 Bg4 8. Be3 Nf6 9. Be2 O-O 10. O-O e5 11.
dxe5 dxe5 12. h3 Be6 13. Ng5 Bf5 14. g4 Bd7 15. Bf3 Nd4 16. Bg2 Bc6 17. f4 Bxg2 18. Kxg2 Nc6 19. f5 Nd4 20. Nge4 Nxe4 21. Nxe4 Re8 22.
f6 Bf8 23. Qd2 Qc7 24. Bh6 Qc6 25. Rae1 Ne6 26. Bxf8 Rxf8 27. Qh6 Rfd8 28. Kg1 Rd3 29. Rf2 1-0

[Event "*** Titled Tuesday Blitz"]
[Site "Chess.com"]
[Date "2019.04.02"]
[Round "9"]
[White "iturrizaga"]
[Black "GataKamsky1974"]
[Result "0-1"]
[WhiteElo "2860"]
[BlackElo "2801"]
[TimeControl "180+2"]
[EndTime "16:04:12 PDT"]
[Termination "GataKamsky1974 won by resignation"]

1. c4 e5 2. Nc3 Nc6 3. Nf3 Nf6 4. e3 Bb4 5. Qc2 Bxc3 6. Qxc3 Qe7 7. d4 e4 8. Nd2 d5 9. b3 O-O 10. a4 a5 11. Ba3 Nb4 12. c5 Nc6 13. h3 Nh5 14.
Be2 Qg5 15. g4 Nf6 16. h4 Qg6 17. g5 Ng4 18. Rg1 f5 19. f4 exf3 20. Bxf3 Be6 21. O-O-O Rae8 22. Rde1 Re7 23. Qd3 Rfe8 24. Nb1 Bf7 25.
Bxg4 fxg4 26. Qd2 Qh5 27. Qf2 h6 28. gxh6 Qxh6 29. Rxg4 Rxe3 30. Rxe3 Rxe3 31. Nd2 Re4 32. Rxe4 dxe4 33. Qg3 Nxd4 34. Kd1 e3 35. Ne4 Bh5+ 36. Ke1 Nc2+ 37. Kf1 e2+ 0-1

[Event "*** Titled Tuesday Blitz"]
[Site "Chess.com"]
[Date "2019.04.02"]
[Round "9"]
[White "Haykos"]
[Black "Ali_rastbod"]
[Result "1-0"]
[WhiteElo "2600"]
[BlackElo "2611"]
[TimeControl "180+2"]
[EndTime "16:04:13 PDT"]
[Termination "Haykos won by resignation"]

1. e4 d5 2. exd5 Qxd5 3. Nc3 Qd8 4. g3 g6 5. Bg2 Bg7 6. d3 Nf6 7. Be3 Ng4 8. Bg5 O-O 9. h3 Nf6 10. Qd2 Nc6 11. Nge2 Bf5 12. Bh6 e5 13. g4 Be6 14.
Bxg7 Kxg7 15. f4 exf4 16. Nxf4 Re8 17. O-O-O Qd6 18. Rde1 Bd7 19. Ref1 Nd4 20. Nh5+ Nxh5 21. gxh5 Bf5 22. hxg6 fxg6 23. h4 c6 24. h5 Qe5 25.
hxg6 Bxg6 26. Be4 Bxe4 27. Qh6+ Kh8 28. Nxe4 Qg7 29. Qxg7+ Kxg7 30. Rhg1+ Kh8 31. Rg4 Rf8 32. Rh1 Ne6 33. Rgh4 Rf7 34. Rh6 Re8 35. Nd6 1-0

[Event "*** Titled Tuesday Blitz"]
[Site "Chess.com"]
[Date "2019.04.02"]
[Round "9"]
[White "ZeroRealtorFade"]
[Black "pastouche06"]
[Result "0-1"]
[WhiteElo "2265"]
[BlackElo "2376"]
[TimeControl "180+2"]
[EndTime "16:04:17 PDT"]
[Termination "pastouche06 won by resignation"]

1. d4 Nf6 2. Bf4 d5 3. e3 e6 4. c3 Bd6 5. Bg3 O-O 6. Nd2 c5 7. Ngf3 Qc7 8. Bd3 Nbd7 9. O-O b6 10. Re1 Bb7 11. e4 Bxg3 12. hxg3 dxe4 13. Nxe4 Rfd8 14.
Qe2 Nxe4 15. Bxe4 Bxe4 16. Qxe4 Nf6 17. Qe5 Rac8 18. Rad1 cxd4 19. Rxd4 Rxd4 20. Nxd4 a6 21. Qxc7 Rxc7 22. f3 Nd5 23. Kf2 Rc4 24. Ke2 Ra4 25. a3 Kf8 26. Kd3 b5 27. Nb3 Rc4 28.
Re4 Rc8 29. a4 Rb8 30. axb5 Rxb5 31. Kc2 Nb6 32. Nd4 Rg5 33. g4 Ke7 34. b4 Kd6 35. Kb3 a5 36. b5 Rc5 37. c4 Rxc4 38. Nf5+ exf5 39. Rxc4 Nxc4 40. Kxc4 fxg4 41. Kb3 gxf3 42. gxf3 Kc7 43. Ka4 Kb6 0-1

[Event "*** Titled Tuesday Blitz"]
[Site "Chess.com"]
[Date "2019.04.02"]
[Round "9"]
[White "Gabrielian_Artur"]
[Black "Off-War"]
[Result "1-0"]
[WhiteElo "2752"]
[BlackElo "2630"]
[TimeControl "180+2"]
[EndTime "16:04:18 PDT"]
[Termination "Gabrielian_Artur won on time"]

1. e4 e5 2. Nf3 Nc6 3. Bc4 Bc5 4.
d3 Nf6 5. Bg5 O-O 6. a4 h6 7. Bh4 Be7 8. Bg3 d6 9. h3 Be6 10. Nbd2 Qd7 11. c3 Rfe8 12. O-O Bf8 13. Re1 g6 14. a5 a6 15. Qb3 Rab8 16. Nf1 Bg7 17. Ne3 Nh5 18. Bh2 Kh7 19. Bxe6 Rxe6 20. Nd5 Ree8 21. Qc4 f5 22. b4 f4 23. b5 axb5 24. Qxb5 g5 25. Reb1 g4 26. hxg4 Qxg4 27. a6 Rg8 28. Kf1 Na7 29. Qc4 c6 30. Ne7 b5 31.
Qa2 Rbf8 32. Nxg8 Rxg8 33. Qf7 Ra8 34. Qb7 Qc8 35. Ke2 Nf6 36. Qxc8 Nxc8 37. g3 fxg3 38. Bxg3 Nd7 39. d4 1-0

[Event "*** Titled Tuesday Blitz"]
[Site "Chess.com"]
[Date "2019.04.02"]
[Round "9"]
[White "XiaoKangZhong"]
[Black "zurzan"]
[Result "1-0"]
[WhiteElo "2127"]
[BlackElo "2030"]
[TimeControl "180+2"]
[EndTime "16:04:18 PDT"]
[Termination "XiaoKangZhong won on time"]

1. e4 d6 2. d4 Nf6 3. Nc3 Nbd7 4. g3 g6 5. Bg2 Bg7 6. Nge2 O-O 7. h3 e5 8. d5 Qe7 9. Be3 c6 10. O-O cxd5 11.
Nxd5 Nxd5 12. Qxd5 Nb6 13. Bxb6 axb6 14. Qd3 Be6 15. Nc3 Rfc8 16. Rfd1 b5 17. Qxb5 Rc5 18. Qb6 Ra6 19. Qb4 Rc4 20. Qb5 Rac6 21. Bf1 R4c5 22. Qd3 Bc4 23. Qd2 Bxf1 24. Kxf1 Qe6 25. Kg2 f5 26. f3 h5 27. Rac1 Kh7 28. Qe2 Bh6 29.
Ra1 g5 30. Rd5 g4 31. hxg4 fxg4 32. fxg4 hxg4 33. Rad1 Qg6 34. Qd3 Bf8 35. Rh1+ Kg7 36. Qe2 Rc4 37. Rh4 Kf7 38. Rxg4 Qf6 39. Rh4 Bg7 40. Rh1 Ke7 41. Rf1 Qg6 42. Rdd1 Rxc3 43. bxc3 Rxc3 44. Rf3 Rc6 45. Rdf1 Kd8 46. Qd3 Kc7 47.
c4 1-0

[Event "*** Titled Tuesday Blitz"]
[Site "Chess.com"]
[Date "2019.04.02"]
[Round "9"]
[White "HiHaruka"]
[Black "larajanzelj"]
[Result "0-1"]
[WhiteElo "2213"]
[BlackElo "2337"]
[TimeControl "180+2"]
[EndTime "16:04:18 PDT"]
[Termination "larajanzelj won by checkmate"]

1. d4 d5 2. c4 dxc4 3. Nf3 Nf6 4. g3 b5 5. Bg2 Bb7 6. O-O e6 7. a4 b4 8. Qc2 Be7 9. Qxc4 O-O 10. Rd1 a5 11. Bf4 Nd5 12. Ne5 Nb6 13. Qc2 Bxg2 14. Kxg2 Nd5 15. e4 Nxf4+ 16. gxf4 Bd6 17. Nd2 f6 18. Nd3 Qe8 19. Rg1 Nc6 20. Qc4 Kh8 21. e5 fxe5 22. dxe5 Be7 23. Rac1 Rd8 24. Nf3 Qg6+ 25.
Ng5 Bxg5 26. fxg5 Nd4 27. Rce1 Qxg5+ 28. Kh1 Qf5 29. f4 Nf3 30. Qxc7 Nxg1 31. Rxg1 Qe4+ 32. Rg2 Rg8 33. Nf2 Qe1+ 34. Rg1 Qxf2 35. Rxg7 Rd1+ 36. Rg1 Qxg1# 0-1

[Event "*** Titled Tuesday Blitz"]
[Site "Chess.com"]
[Date "2019.04.02"]
[Round "9"]
[White "LaughingTiger"]
[Black "IIIlllII1llIl"]
[Result "0-1"]
[WhiteElo "2187"]
[BlackElo "2769"]
[TimeControl "180+2"]
[EndTime "16:04:19 PDT"]
[Termination "IIIlllII1llIl won by resignation"]

1. e4 c5 2. Nf3 d6 3. d4 cxd4 4. Nxd4 Nf6 5. Nc3 a6 6. Bc4 e6 7. Bb3 Nbd7 8. O-O Nc5 9. f4 Nfxe4 10. Nxe4 Nxe4 11. f5 e5 12. Qh5 d5 13. Re1 Bc5 14. Rxe4 Bxd4+ 15. Rxd4 Qb6 16. Be3 exd4 17. Bg5 d3+ 18. Kh1 Bxf5 19. Re1+ Be6 20. Ba4+ Kf8 21. cxd3 Qb4 22. Rxe6 fxe6 23. Qf3+ Kg8 24. Qe2 Qd6 25. h3 Rf8 26. Bb3 h6 27. Bd2 Kh7 28. d4 Rf6 29. Bc2+ g6 30. Qe3 Rf1+ 31. Qg1 Rxg1+ 32. Kxg1 Rf8 33. h4 Qg3 34. h5 Qf2+ 35. Kh2 Qxd2 36. Bxg6+ Kg7 37. b3 Rf2 38. a4 Rxg2+ 39. Kh3 Qg5 0-1

[Event "*** Titled Tuesday Blitz"]
[Site "Chess.com"]
[Date "2019.04.02"]
[Round "9"]
[White "mikhaillushenkov"]
[Black "penguingm1"]
[Result "0-1"]
[WhiteElo "2684"]
[BlackElo "2953"]
[TimeControl "180+2"]
[EndTime "16:04:20 PDT"]
[Termination "penguingm1 won by resignation"]

1. Nf3 d5 2. d4 Nf6 3. c4 e6 4. Nc3 Be7 5. Qc2 O-O 6. e4 dxe4 7. Nxe4 Nxe4 8. Qxe4 Nd7 9. Bd3 Bb4+ 10. Kf1 Nf6 11.
Qh4 Re8 12. Ne5 h6 13. c5 c6 14. Bxh6 gxh6 15. Qxh6 Ba5 16. h4 Bc7 17. Rh3 Bxe5 18. dxe5 Ng4 19. Qh7+ Kf8 20. Rg3 Qd4 21. Rxg4 Qxg4 22.
Be2 Qg7 23. Qh5 Rd8 24. g4 Rd5 25. f4 Rd4 26. Kg2 Rxf4 27. Rd1 Ke7 28. Bf3 Bd7 29. Rd6 Rh8 30. Qg5+ Qxg5 31. hxg5 Rc4 0-1

[Event "*** Titled Tuesday Blitz"]
[Site "Chess.com"]
[Date "2019.04.02"]
[Round "9"]
[White "Davor_Rogic"]
[Black "Mikhail_Golubev"]
[Result "0-1"]
[WhiteElo "2377"]
[BlackElo "2433"]
[TimeControl "180+2"]
[EndTime "16:04:25 PDT"]
[Termination "Mikhail_Golubev won by resignation"]

1. e4 c5 2. Nf3 d6 3. d4 Nf6 4. Nc3 cxd4 5. Nxd4 g6 6. h3 Nc6 7.
Nde2 Bd7 8. g4 Qc8 9. Bg2 Bg7 10. Be3 O-O 11. O-O h5 12. gxh5 Nxh5 13. Kh2 Kh7 14. f4 f5 15. Rg1 e5 16. Qxd6 exf4 17. Nxf4 Nxf4 18. Bxf4 Nd4 19. e5 Ne6 20. Be3 Rf7 21. Bf3 Qh8 22. Rad1 Bxe5+ 23. Kg2 Bxd6 24. Rxd6 Qe5 25.
Rd3 Nf4+ 26. Bxf4 Qxf4 27. Nd5 Qe5 28. Rd2 f4 29. Kh2 Bc6 30. Re2 Qg7 31. c4 Rb8 32.
Be4 Rbf8 33. Reg2 Rf6 34. Rg5 R8f7 35. Rh5+ Kg8 36. Rhg5 Kf8 37. b4 Bxd5 38. Bxd5 Re7 39. R1g2 b6 40. a4 f3 41. Rf2 Rf5 42. Rg3 Re2 43. Kg1 Rxf2 44. Kxf2 Qd4+ 45. Kf1 Qd1+ 0-1

[Event "*** Titled Tuesday Blitz"]
[Site "Chess.com"]
[Date "2019.04.02"]
[Round "9"]
[White "WarlordX"]
[Black "Komissarov_alex"]
[Result "1-0"]
[WhiteElo "2466"]
[BlackElo "2071"]
[TimeControl "180+2"]
[EndTime "16:04:27 PDT"]
[Termination "WarlordX won on time"]

1. Nf3 Nf6 2. c4 e6 3. g3 d5 4. Bg2 dxc4 5. O-O Be7 6. Qa4+ Nbd7 7. Qxc4 a6 8. a4 b5 9. Qc6 Rb8 10. axb5 Bb7 11. Qc2 axb5 12. d4 O-O 13. Bf4 Be4 14. Qxc7 Qxc7 15. Bxc7 Rbc8 16. Ra7 Ra8 17. Rxa8 Rxa8 18.
Nc3 Bc6 19. Ne5 Bxg2 20. Kxg2 b4 21. Nxd7 Nxd7 22. Ne4 Ra2 23. Rb1 f5 24. Nd2 Nf6 25.
Be5 Nd5 26. Nc4 b3 27. Nd2 Ba3 28. Nxb3 Rxb2 29. Rxb2 Bxb2 30. Nc5 Kf7 31. f3 Nb4 32. e4 1-0

[Event "*** Titled Tuesday Blitz"]
[Site "Chess.com"]
[Date "2019.04.02"]
[Round "9"]
[White "Chessmatus"]
[Black "Atanejhad"]
[Result "1-0"]
[WhiteElo "2313"]
[BlackElo "2174"]
[TimeControl "180+2"]
[EndTime "16:04:28 PDT"]
[Termination "Chessmatus won by resignation"]

1. d4 Nf6 2. c4 e6 3. g3 c5 4. d5 exd5 5. cxd5 d6 6. Nc3 g6 7. Bg2 Bg7 8. Nf3 O-O 9. O-O a6 10. a4 Bg4 11. h3 Bxf3 12. Bxf3 Nbd7 13. Bg2 Re8 14. e4 Rb8 15. a5 b5 16. axb6 Rxb6 17. Qd3 Qc7 18. Qe2 c4 19. Ra4 Ne5 20. Be3 Rb3 21.
Rxa6 Nd3 22. Rc6 Qb7 23. Rxc4 Nxb2 24. Rc6 Nd7 25. Nd1 Ne5 26. Rc2 Ned3 27. Nxb2 Nxb2 28. Bf4 f5 29. Re1 fxe4 30. Bxe4 Rb4 31. Qf3 Nc4 32. Rce2 Ne5 33. Qa3 Nc4 34. Qc1 Rc8 35. Bg2 Bb2 36. Qb1 Be5 37. Qd3 Bxf4 38. gxf4 Qf7 39. Re7 Qxf4 40.
Qc3 Ne5 41. Qxc8+ 1-0